 Dungeon Crawl Stone Soup version 0.27.1-2-g3b301248ec (webtiles) character file.

Game seed: 5114514125613292556

1291 Rickety the Conjurer (level 8, -1/58 HPs)
             Began as a Gnoll Conjurer on Sept 27, 2021.
             Slain by a vampire mosquito (4 damage)
             ... on level 6 of the Dungeon.
             The game lasted 00:11:30 (6516 turns).

Rickety the Conjurer (Gnoll Conjurer)               Turns: 6516, Time: 00:11:31

Health: -1/58      AC:  7    Str:  6    XL:     8   Next: 55%
Magic:  7/17       EV: 14    Int: 25    God:
Gold:   278        SH:  5    Dex: 12    Spells: 13/19 levels left

rFire    . . .     SeeInvis .   a - +1 dagger (venom)
rCold    . . .     Faith    .   (no shield)
rNeg     . . .     Spirit   .   s - +2 robe of Plog {Rampage Str+2}
rPois    .         Reflect  +   z - +2 hat
rElec    .         Harm     .   (no cloak)
rCorr    .         Rampage  +   l - +0 pair of gloves
Will     .....                  (no boots)
Stlth    +++.......             w - amulet of reflection
HPRegen  0.19/turn              k - ring of flight
MPRegen  0.15/turn              v - +6 ring of intelligence

@: flying
A: fangs 1, strong nose, distributed training, mutation resistance 1, weak 1
a: no special abilities


You were on level 6 of the Dungeon.
You visited 1 branch of the dungeon, and saw 6 of its levels.
You visited the Abyss 1 time.

You collected 278 gold pieces.

Inventory:

Hand Weapons
 a - a +1 dagger of venom (weapon)
 b - a +2 spear of venom
 t - the +7 great sword "Gram" {freeze, rN++ SInv}
   (You found it on level 4 of the Dungeon)

   It freezes those it strikes, dealing additional cold damage.
   It can also slow down cold-blooded creatures.
   rN:        It greatly protects you from negative energy.
   SInv:      It lets you see invisible.
 C - a +2 vampiric whip
Missiles
 c - 4 atropa-tipped darts
 r - 5 poisoned darts
Armour
 d - a +0 robe of willpower
 l - a +0 pair of gloves (worn)
 s - the +2 robe of Plog (worn) {Rampage Str+2}
   (You found it on level 4 of the Dungeon)

   Str:       It affects your strength (+2).
   Rampage:   It bestows one free step when moving towards enemies.
 z - a +2 hat (worn)
Magical Staves
 n - a staff of death
Jewellery
 k - a ring of flight (left hand)
 v - a +6 ring of intelligence (right hand)
 w - an amulet of reflection (around neck)
 D - a +6 ring of dexterity
Wands
 m - a wand of digging (9)
 o - a wand of iceblast (11)
 q - a wand of flame (18)
Scrolls
 e - 3 scrolls of identify {unknown}
 f - a scroll of enchant weapon {unknown}
 i - 4 scrolls of fear {unknown}
 j - a scroll of immolation {unknown}
 p - a scroll of holy word {unknown}
 u - 2 scrolls of teleportation {unknown}
 y - 2 scrolls of noise {unknown}
 B - a scroll of enchant armour {unknown}
 E - a scroll of vulnerability {unknown}
Potions
 A - a potion of flight {unknown}


   Skills:
 + Level 3.3 Fighting
 + Level 3.3 Short Blades
 + Level 3.3 Long Blades
 + Level 3.3 Axes
 + Level 3.3 Maces & Flails
 + Level 3.3 Polearms
 + Level 3.3 Staves
 + Level 3.3 Slings
 + Level 3.3 Bows
 + Level 3.3 Crossbows
 + Level 3.3 Throwing
 + Level 3.3 Armour
 + Level 5.7 Dodging
 + Level 5.4 Stealth
 + Level 3.3 Shields
 + Level 3.3 Unarmed Combat
 + Level 6.1 Spellcasting
 + Level 7.7 Conjurations
 + Level 2.7 Hexes
 + Level 2.7 Summonings
 + Level 2.7 Necromancy
 + Level 2.7 Translocations
 + Level 2.7 Transmutations
 + Level 2.7 Fire Magic
 + Level 2.7 Ice Magic
 + Level 2.7 Air Magic
 + Level 2.7 Earth Magic
 + Level 2.7 Poison Magic
 + Level 3.7 Invocations
 + Level 3.3 Evocations


You had 13 spell levels left.
You knew the following spells:

 Your Spells              Type           Power      Damage    Failure   Level
a - Magic Dart            Conj           100%       1d8       1%          1
d - Dazzling Flash        Conj/Hex       66%        N/A       2%          3
r - Searing Ray           Conj           92%        3d6       1%          2

Your spell library contained the following spells:

 Spells                   Type           Power      Damage    Failure   Level
 Stone Arrow              Conj/Erth      66%        3d11      2%          3
 Fulminant Prism          Conj/Hex       16%        3d11      9%          4
 Iskenderun's Mystic Bla  Conj/Tloc      33%        2d8       9%          4
 Bolt of Magma            Conj/Fire/Erth 14%        4d8       32%         5
 Shatter                  Erth           10%        3d12*     100%        9


Dungeon Overview and Level Annotations

Branches:
Dungeon (6/15)
 Temple: D:4-7

Altars:
The Shining One


Innate Abilities, Weirdness & Mutations

You have very sharp teeth.
Your uncanny sense of smell can sniff out nearby items.
Your experience applies equally to all skills.
You are somewhat resistant to further mutation.
You are weak. (Str -2)


Message History

Press: ? - help, Shift-Dir - straight line, f - vampire mosquito
Aim: a vampire mosquito (moderately damaged, 70% to hit)
The searing ray misses the vampire mosquito. x2 (Press . to maintain the ray.)
The vampire mosquito closely misses you.
The vampire mosquito bites you.
The vampire mosquito draws strength from your injuries!
The searing ray hits the vampire mosquito!
The vampire mosquito is severely damaged.
The vampire mosquito completely misses you.
You block the vampire mosquito's attack. x2
The vampire mosquito bites you.
The vampire mosquito draws strength from your injuries!
The searing ray misses the vampire mosquito.
The vampire mosquito closely misses you.
The vampire mosquito bites you.
* * * LOW HITPOINT WARNING * * *
The vampire mosquito draws strength from your injuries!
The vampire mosquito misses you.
You block the vampire mosquito's attack.
The vampire mosquito closely misses you. x2
The vampire mosquito bites you.
* * * LOW HITPOINT WARNING * * *
The vampire mosquito draws strength from your injuries!
The vampire mosquito barely misses you. The vampire mosquito bites you!
* * * LOW HITPOINT WARNING * * *
The vampire mosquito draws strength from your injuries!
The vampire mosquito bites you but does no damage.
Casting: Searing Ray (safe; 1% risk of failure)
Confirm with . or Enter, or press ? or * to list all spells.
Aiming: Searing Ray (safe; 1% risk of failure)
Press: ? - help, Shift-Dir - straight line, f/p - vampire mosquito
Aim: a vampire mosquito (heavily damaged, 70% to hit)
The searing ray hits the vampire mosquito!
The vampire mosquito is moderately damaged.
The searing ray misses the vampire mosquito. (Press . to maintain the ray.)
The vampire mosquito bites you.
You die...

.(# .## .# .# .# #### .#
#.. ..# .###### #.# #.#
......# #.####.########
.####.# #.##..yy@.....#
.####.###.##.#.###......
.##....##.##.#.# .....
.#.....##......# #.#.
.#...........### .#
.......####### .#
######.# .#
..####.######## ..
.......##.....# .#


You could see 2 vampire mosquitoes.

Vanquished Creatures
  Maggie (D:6)
  Grinder (D:3)
  A vampire (D:6)
  A vampire mosquito (D:6)
  A sky beast (D:5)
  An ogre (D:4)
  A phantom (D:5)
  A crimson imp (D:3)
  A bullfrog skeleton (D:5)
  An iguana (D:5)
  2 orc wizards
  A hound skeleton (D:4)
  5 adders
  2 worms (D:2)
  3 dart slugs
  8 orcs
  5 endoplasms
  2 giant cockroaches
  4 goblins
  3 hobgoblins
  7 jackals
  4 quokkas
  7 ball pythons
  5 bats
  3 frilled lizards (D:2)
  A goblin skeleton (D:3)
  3 goblin zombies (D:3)
  3 hobgoblin zombies (D:3)
  9 kobolds
  A kobold skeleton (D:3)
  2 kobold zombies (D:3)
  3 orc zombies (D:3)
  7 rats
100 creatures vanquished.

Vanquished Creatures (others)
  An adder (D:3)
  6 plants
7 creatures vanquished.

Grand Total: 107 creatures vanquished

Notes
Turn   | Place    | Note
-------+----------+-------------------------------------------
     0 | D:1      | Rickety the Gnoll Conjurer began the quest for the Orb.
     0 | D:1      | Reached XP level 1. HP: 13/13 MP: 6/6
   204 | D:1      | Reached XP level 2. HP: 19/19 MP: 5/7
   366 | D:1      | Found a faded altar of an unknown god.
   397 | D:1      | Learned a level 2 spell: Searing Ray
  1115 | D:2      | Reached XP level 3. HP: 25/25 MP: 7/9
  1116 | D:2      | Reached skill level 5 in Spellcasting
  1120 | D:2      | Learned a level 3 spell: Dazzling Flash
  1528 | D:2      | Reached skill level 1 in Invocations
  1657 | D:2      | Reached skill level 1 in Fighting
  1657 | D:2      | Reached skill level 1 in Short Blades
  1657 | D:2      | Reached skill level 1 in Long Blades
  1657 | D:2      | Reached skill level 1 in Axes
  1657 | D:2      | Reached skill level 1 in Maces & Flails
  1657 | D:2      | Reached skill level 1 in Polearms
  1657 | D:2      | Reached skill level 1 in Staves
  1657 | D:2      | Reached skill level 1 in Slings
  1657 | D:2      | Reached skill level 1 in Bows
  1657 | D:2      | Reached skill level 1 in Crossbows
  1657 | D:2      | Reached skill level 1 in Throwing
  1657 | D:2      | Reached skill level 1 in Armour
  1657 | D:2      | Reached skill level 1 in Shields
  1657 | D:2      | Reached skill level 1 in Unarmed Combat
  1657 | D:2      | Reached skill level 1 in Evocations
  1917 | D:3      | Reached XP level 4. HP: 32/32 MP: 8/11
  2242 | D:3      | Reached skill level 1 in Hexes
  2242 | D:3      | Reached skill level 1 in Summonings
  2242 | D:3      | Reached skill level 1 in Necromancy
  2242 | D:3      | Reached skill level 1 in Translocations
  2242 | D:3      | Reached skill level 1 in Transmutations
  2242 | D:3      | Reached skill level 1 in Fire Magic
  2242 | D:3      | Reached skill level 1 in Ice Magic
  2242 | D:3      | Reached skill level 1 in Air Magic
  2242 | D:3      | Reached skill level 1 in Earth Magic
  2242 | D:3      | Reached skill level 1 in Poison Magic
  2570 | D:3      | Noticed Grinder
  2571 | D:3      | Paralysed by Grinder for 7 turns
  2586 | D:3      | Killed Grinder
  2587 | D:3      | Reached skill level 5 in Dodging
  2587 | D:3      | Reached XP level 5. HP: 38/38 MP: 3/12
  2587 | D:3      | Reached XP level 6. HP: 44/44 MP: 3/14
  3069 | D:3      | Found a glowing golden altar of the Shining One.
  3602 | D:4      | Identified the +2 robe of Plog {Rampage Str+2}
  3735 | D:4      | Reached XP level 7. HP: 38/50 MP: 6/15
  3963 | D:4      | Identified the +7 great sword "Gram" {freeze, rN++ SInv}
  4502 | D:5      | Entered Level 5 of the Dungeon
  4830 | D:5      | Reached skill level 5 in Stealth
  6085 | D:6      | Noticed a vampire
  6091 | D:6      | Killed a vampire
  6092 | D:6      | Reached XP level 8. HP: 53/57 MP: 7/16
  6169 | D:6      | Noticed Maggie
  6192 | D:6      | Gained mutation: You are weak. (Str -2) [potion of
                  | mutation]
  6192 | D:6      | Gained mutation: You are somewhat resistant to further
                  | mutation. [potion of mutation]
  6192 | D:6      | Cast into level 1 of the Abyss (Maggie)
  6287 | Abyss:1  | Noticed a worldbinder
  6335 | Abyss:1  | Noticed an ancient zyme
  6336 | Abyss:1  | Found a corrupted altar of Lugonu.
  6357 | Abyss:2  | Found a corrupted altar of Lugonu.
  6377 | Abyss:2  | Noticed a tentacled starspawn
  6387 | Abyss:2  | Noticed a starcursed mass
  6400 | Abyss:2  | Noticed a thrashing horror
  6401 | Abyss:2  | Noticed a thrashing horror
  6413 | D:6      | Escaped the Abyss
  6425 | D:6      | Killed Maggie
  6512 | D:6      | HP: 2/58 [vampire mosquito (10)]
  6516 | D:6      | Slain by a vampire mosquito

Illustrated notes

Levels and vault maps discovered:
D:1:      lemuel_arrival_hallway, layout_basic, shapermc_ecumenical_altar_venn,
          minivault_25, bh_walls_and_bars
D:2:      layout_basic, lexackson_kobold_supper
D:3:      layout_loops_corners, nicolae_tso_besieged_by_evil,
          hangedman_decor_push, lemuel_flame_loot_1, uniq_grinder
D:4:      layout_loops_ring, chequers_serial_rivers_large_b
D:5:      layout_basic
D:6:      minmay_opposing_rooms, layout_loops_cross,
          minmay_temple_entry_overgrown, uniq_maggie, uniq_duvessa

Skill      XL: |  1  2  3  4  5  6  7  8 |
---------------+-------------------------+-----
Spellcasting   | 5 6 |  6.1
Invocations    | 1 2 3 |  3.7
Fighting       | 1 2 3 |  3.3
Short Blades   | 1 2 3 |  3.3
Long Blades    | 1 2 3 |  3.3
Axes           | 1 2 3 |  3.3
Maces & Flails | 1 2 3 |  3.3
Polearms       | 1 2 3 |  3.3
Staves         | 1 2 3 |  3.3
Slings         | 1 2 3 |  3.3
Bows           | 1 2 3 |  3.3
Crossbows      | 1 2 3 |  3.3
Throwing       | 1 2 3 |  3.3
Armour         | 1 2 3 |  3.3
Shields        | 1 2 3 |  3.3
Unarmed Combat | 1 2 3 |  3.3
Evocations     | 1 2 3 |  3.3
Hexes          | 1 2 |  2.7
Summonings     | 1 2 |  2.7
Necromancy     | 1 2 |  2.7
Translocations | 1 2 |  2.7
Transmutations | 1 2 |  2.7
Fire Magic     | 1 2 |  2.7
Ice Magic      | 1 2 |  2.7
Air Magic      | 1 2 |  2.7
Earth Magic    | 1 2 |  2.7
Poison Magic   | 1 2 |  2.7
Dodging        | 5 |  5.7
Stealth        | 5 |  5.4
Conjurations   | |  7.7

Action                   |  1- 3 |  4- 6 |  7- 9 || total
-------------------------+-------+-------+-------++-------
Melee: Spear             |     1 |       |       ||     1
       Dagger            |       |       |     6 ||     6
 Cast: Magic Dart        |    53 |    76 |    29 ||   158
       Searing Ray       |     3 |     9 |    15 ||    27
       Dazzling Flash    |       |       |     3 ||     3
Evoke: Wand              |       |       |     4 ||     4
  Use: Potion            |       |       |     4 ||     4
Armor: Robe              |     1 |     4 |     2 ||     7
       Skin              |       |       |     2 ||     2
Dodge: Dodged            |     5 |     7 |    20 ||    32
Block: Other             |       |       |     5 ||     5
